 Dungeon Crawl Stone Soup version 0.27.0-1-g7a089689b8 (webtiles) character file.

Game seed: 7328156331668101440

968 Spaninq the Skirmisher (level 7, -2/49 HPs)
             Began as a Mummy Earth Elementalist on Aug 9, 2021.
             Was a Follower of Hepliaklqana.
             Slain by a gnoll (5 damage)
             ... on level 6 of the Dungeon.
             The game lasted 00:14:06 (7683 turns).

Spaninq the Skirmisher (Mummy Earth Elementalist)   Turns: 7683, Time: 00:14:06

Health: -2/49      AC:  3    Str: 12    XL:     7   Next: 93%
Magic:  14/14      EV: 12    Int: 16    God:    Hepliaklqana [*.....]
Gold:   245        SH:  6    Dex: 12    Spells: 14/15 levels left

rFire    x . .     SeeInvis .   g - +2 short sword (venom)
rCold    + . .     Faith    .   d - +1 buckler
rNeg     + + +     Spirit   .   b - +0 robe
rPois    ∞         Reflect  .   (no helmet)
rElec    .         Harm     .   (no cloak)
rCorr    .         Rampage  .   e - +0 pair of gloves
Will     .....                  (no boots)
Stlth    ++........             (no amulet)
HPRegen  0.16/turn              (no ring)
MPRegen  0.14/turn              (no ring)

@: no status effects
A: reduced essence, cold resistance 1, negative energy resistance 3, torment
resistance 2, heat vulnerability 1, no potions
a: Renounce Religion, Recall Ancestor, Ancestor Identity


You were on level 6 of the Dungeon.
You worshipped Hepliaklqana.
Hepliaklqana was aware of your devotion.
You visited 2 branches of the dungeon, and saw 7 of its levels.

You collected 245 gold pieces.

Inventory:

Hand Weapons
 a - a +0 quarterstaff
 g - a +2 short sword of venom (weapon)
Missiles
 c - 143 stones
Armour
 b - a +0 robe (worn)
 d - a +1 buckler (worn)
 e - a +0 pair of gloves (worn)
Jewellery
 i - a ring of ice
Wands
 h - a wand of flame (9)
Scrolls
 f - a scroll of enchant weapon
 j - 2 scrolls of amnesia


   Skills:
 + Level 4.7 Fighting
 - Level 1.5 Dodging
 - Level 1.5 Stealth
 - Level 4.0 Shields
 + Level 4.7 Spellcasting
 - Level 0.7 Transmutations
 * Level 4.5 Earth Magic


You had 14 spell levels left.
You knew the following spells:

 Your Spells              Type           Power      Damage    Failure   Level
a - Sandblast             Erth           36%        2d10      2%          1

Your spell library contained the following spells:

 Spells                   Type           Power      Damage    Failure   Level
 Passwall                 Tmut/Erth      10%        N/A       8%          2
 Magic Dart               Conj           12%        1d3       16%         1
 Stone Arrow              Conj/Erth      22%        3d8       19%         3
 Call Imp                 Summ           3%         N/A       24%         2
 Mephitic Cloud           Conj/Pois/Air  3%         N/A       43%         3
 Petrify                  Tmut/Erth      12%        N/A       45%         4


Dungeon Overview and Level Annotations

Branches:
Dungeon (6/15)             Temple (1/1) D:5

Altars:
Dithmenos
Fedhas
Gozag
Hepliaklqana
Nemelex Xobeh
Qazlal
Ru
Sif Muna
Trog
Uskayaw
Vehumet
Wu Jian
Xom
The Shining One


Innate Abilities, Weirdness & Mutations

Your life essence is reduced to manifest your ancestor. (-10% HP)
You are immune to poison.
Your flesh is cold resistant. (rC+)
You are immune to negative energy. (rN+++)
You are immune to unholy pain and torment.
You are vulnerable to heat. (rF-)
You do not drink.


Message History

Something hits Friðuswiþ!
Friðuswiþ hits the gnoll.
The gnoll barely misses Friðuswiþ.
Friðuswiþ hits the gnoll.
The gnoll dies!
You block the gnoll shaman's attack.
Things that are here:
a +0 whip; a gnoll corpse You barely miss the gnoll shaman.
The gnoll shaman is severely wounded.
The gnoll closely misses Friðuswiþ.
Friðuswiþ closely misses the gnoll shaman.
The gnoll shaman utters an invocation to its god.
The gnoll shaman is healed somewhat.
You hit the gnoll shaman but do no damage.
The gnoll shaman looks even sicker.
The gnoll shaman is heavily wounded.
The gnoll misses Friðuswiþ.
Friðuswiþ hits the gnoll shaman.
The gnoll shaman calls down the wrath of its god upon you.
You easily resist.
The gnoll barely misses Friðuswiþ.
You hit the gnoll shaman but do no damage.
The gnoll shaman looks as sick as possible!
The gnoll shaman is severely wounded.
Friðuswiþ hits the gnoll shaman.
The gnoll closely misses you.
The gnoll shaman calls upon its god to speed up the gnoll.
The gnoll seems to speed up.
The gnoll barely misses Friðuswiþ.
You hit the gnoll shaman but do no damage.
The gnoll shaman looks as sick as possible!
The gnoll shaman is almost dead.
Friðuswiþ stops glowing.
You kill the gnoll shaman!
The gnoll barely misses you.
Friðuswiþ hits the gnoll!
The gnoll hits you from afar with a +0 halberd!
The gnoll hits Friðuswiþ with a +0 spear.
Friðuswiþ hits the gnoll.
The gnoll closely misses Friðuswiþ.
Friðuswiþ barely misses the gnoll.
The gnoll hits you from afar with a +0 halberd!
* * * LOW HITPOINT WARNING * * *
The gnoll hits Friðuswiþ with a +0 spear.
Friðuswiþ hits the gnoll.
The gnoll hits you from afar with a +0 halberd.
You die...

..#*,*,,,,*,,.,.........#,*****
..#*,*,,,**,*..#..)#..#.#,*,.,*
..#*,*...#*,,....#......#,#.#,*
.##*,+.....,,,#.....#..##...#,*
.# ***....#,*...#.#...#......,*
.## *#.#.#,,.......)R..#******
..# #.#.#**#######)##.# #.##
#.#.######...).#*.#** #..#
#.#.......@.g.##*,.,* ##.#
#.#..######...# **#.*
##.####R#..#..#.....# *.#
..............##.#..##***,#
###'###.####.....#....,,,,*
#.)..#....!.......####****
#....#.............#
#....#.............##
##...................##


You could see the friendly Friðuswiþ the ancestor and a gnoll (fast).

Vanquished Creatures
  A water moccasin (D:5)
  A sky beast (D:5)
  2 phantoms
  Blork the orc (D:6)
  A water moccasin zombie (D:5)
  A scorpion (D:4)
  A centaur zombie (D:5)
  A bullfrog zombie (D:6)
  A jelly (D:6)
  A hound (D:5)
  A bullfrog skeleton (D:5)
  A gnoll shaman (D:6)
  Jessica (D:3)
  An orc wizard (D:4)
  A hound skeleton (D:5)
  A hound zombie (D:5)
  A howler monkey skeleton (D:5)
  7 adders
  A white imp (D:5)
  2 ufetubi (D:5)
  A worm (D:2)
  2 dart slugs
  9 orcs
  4 endoplasms
  A giant cockroach (D:2)
  4 goblins
  3 hobgoblins (D:4)
  8 jackals
  4 quokkas
  7 ball pythons
  5 frilled lizards
  4 kobolds
  8 rats
  A spectral goblin (D:2)
89 creatures vanquished.

Vanquished Creatures (collateral kills)
  2 gnolls (D:6)
2 creatures vanquished.

Grand Total: 91 creatures vanquished

Notes
Turn   | Place    | Note
-------+----------+-------------------------------------------
     0 | D:1      | Spaninq the Mummy Earth Elementalist began the quest for
                  | the Orb.
     0 | D:1      | Reached XP level 1. HP: 13/13 MP: 4/4
    53 | D:1      | Reached skill level 1 in Fighting
   322 | D:1      | Reached XP level 2. HP: 20/21 MP: 5/5
   929 | D:1      | Reached skill level 1 in Shields
  1203 | D:2      | Reached XP level 3. HP: 18/27 MP: 7/7
  2181 | D:2      | Found a faded altar of an unknown god.
  2204 | D:2      | Reached XP level 4. HP: 9/33 MP: 6/8
  2644 | D:3      | Noticed Jessica
  2654 | D:3      | Killed Jessica
  3924 | D:4      | Noticed a scorpion
  3938 | D:4      | Killed a scorpion
  3939 | D:4      | Reached XP level 5. HP: 20/40 MP: 0/9
  4103 | D:4      | Noticed a phantom
  4395 | D:4      | Killed a phantom
  4601 | D:4      | Reached XP level 6. HP: 33/47 MP: 10/10
  5159 | D:5      | Entered Level 5 of the Dungeon
  5174 | D:5      | Found a staircase to the Ecumenical Temple.
  5191 | Temple   | Entered the Ecumenical Temple
  5517 | Temple   | Became a worshipper of Hepliaklqana the Forgotten
  5774 | D:5      | Noticed a sky beast
  5814 | D:5      | Noticed a water moccasin
  5825 | D:5      | Killed a water moccasin
  6295 | D:5      | Reached XP level 7. HP: 14/54 MP: 6/12
  6531 | D:5      | Found a stormy altar of Qazlal.
  7421 | D:6      | Noticed Blork the orc
  7431 | D:6      | Killed Blork the orc
  7610 | D:6      | Reached * piety under Hepliaklqana
  7660 | D:6      | Found a radiant altar of Vehumet.
  7683 | D:6      | Slain by a gnoll

Illustrated notes

Levels and vault maps discovered:
D:1:      lightli_arrival_noodles, layout_basic
D:2:      layout_rooms, dreamdust_ecumenical_altar_drowned_temple
D:3:      layout_loops_ring, minmay_randomly_rotated_circles, uniq_jessica
D:4:      layout_gridville, nrook_campfire
D:5:      layout_gridville, grunt_qazlal_clouds,
          minmay_temple_entry_sparse_star, st_stairs_11
D:6:      layout_basic, nicolae_vehumet_radiance, hangedman_decor_opposing,
          minivault_1, uniq_blork_the_orc, uniq_edmund
Temple:   hc_temple_tempest_star

Skill      XL: |  1  2  3  4  5  6  7 |
---------------+----------------------+-----
Fighting       | 1 2 3 4 |  4.7
Shields        | 1 2 3 4 |  4.0
Spellcasting   | 3 4 |  4.7
Earth Magic    | 3 4 |  4.5
Dodging        | |  1.5
Stealth        | |  1.5
Transmutations | |  0.7

Action                   |  1- 3 |  4- 6 |  7- 9 || total
-------------------------+-------+-------+-------++-------
Melee: Mace              |   112 |   133 |    41 ||   286
       Short sword       |       |       |    14 ||    14
 Cast: Sandblast         |    17 |    48 |    30 ||    95
  Use: Scroll            |       |     4 |     3 ||     7
 Stab: Sleeping          |     4 |     1 |     1 ||     6
Armor: Robe              |    23 |    45 |    16 ||    84
Dodge: Dodged            |   102 |   127 |    45 ||   274
Block: Buckler           |       |    19 |    19 ||    38
